[Event "African Championship"]
[Site "followchess.com"]
[Date "2021.05.19"]
[Round "1"]
[White "Abrantes, Persson"]
[Black "Bwalya, Gillan"]
[Result "0-1"]
[ECO "E60"]
[WhiteElo "2018"]
[BlackElo "2405"]
[PlyCount "37"]
[EventDate "2021.??.??"]
[TimeControl "7200+30"]
[WhiteClock "0:50:26"]
[BlackClock "1:10:34"]

1. d4 Nf6 2. Nf3 g6 3. c4 Bg7 4. Nc3 d6 5. h3 Nbd7 6. e4 e5 7. d5 Nc5 8. Qc2 a5 9. g4 h5 10. g5 Ng8 11. Be3 b6 12. Be2 Bd7 13. b3 Ne7 14. Kf1 Qc8 15. Kg2 Qd8 16. Kh2 Qb8 17. Rhg1 c6 18. Nd2 Qc8 19. a3 0-1

[Event "African Championship"]
[Site "followchess.com"]
[Date "2021.05.19"]
[Round "1"]
[White "Amin, Bassem"]
[Black "Chimthere, Alfred Charles"]
[Result "1-0"]
[ECO "B50"]
[WhiteElo "2701"]
[BlackElo "2057"]
[PlyCount "53"]
[EventDate "2021.??.??"]
[TimeControl "7200+30"]
[WhiteClock "0:01:02"]
[BlackClock "0:51:27"]

1. e4 c5 2. Nf3 d6 3. c3 e6 4. d4 Be7 5. Bd3 Nf6 6. O-O Nc6 7. dxc5 dxc5 8.
e5 Nd5 9. Qe2 Qc7 10. a3 a6 11. c4 Nb6 12. Bf4 Nd7 13. Nc3 b6 14. Nd5 Qd8 15. Be4 Bb7 16. Rad1 h6 17. Nxe7 Qxe7 18. Rd6 Rc8 19. Rfd1 Ndb8 20. h4 O-O 21. Bc2 Nd4 22. Nxd4 cxd4 23. Qd3 g6 24. Bxh6 Rfe8 25. Bg5 Qf8 26. h5 Rc6 27. Rxd4 1-0

[Event "African Championship"]
[Site "followchess.com"]
[Date "2021.05.19"]
[Round "1"]
[White "Bellahcene, Bilel"]
[Black "Nyambalo, Joseph Xavier"]
[Result "1-0"]
[ECO "A45"]
[WhiteElo "2508"]
[BlackElo "2032"]
[PlyCount "21"]
[EventDate "2021.??.??"]
[TimeControl "7200+30"]

1. d4 Nf6 2. Bf4 c5 3. e3 cxd4 4. exd4 Qb6 5. Nc3 d6 6. Nf3 a6 7. Rb1 Bg4 8.
Be2 e6 9. O-O Nbd7 10. Re1 d5 11. h3 1-0

[Event "African Championship"]
[Site "followchess.com"]
[Date "2021.05.19"]
[Round "1"]
[White "Chipanga, Chiletso"]
[Black "Adly, Ahmed"]
[Result "0-1"]
[ECO "A07"]
[WhiteElo "2043"]
[BlackElo "2615"]
[PlyCount "52"]
[EventDate "2021.??.??"]
[TimeControl "7200+30"]
[WhiteClock "1:16:20"]
[BlackClock "0:21:35"]

1. Nf3 d5 2. g3 Nf6 3. Bg2 Nc6 4. d4 Bf5 5. O-O e6 6. Bf4 Bd6 7. Bxd6 cxd6 8. Nh4 Bg4 9. Na3 Qb6 10. h3 Qxb2 11. hxg4 Qxa3 12. g5 Nd7 13. e4 dxe4 14. Bxe4 d5
15. Bg2 O-O 16. Qg4 Qc3 17. Rfd1 Nb6 18. Bf1 Nd7 19. Bg2 Nb6 20. Bf1 g6 21. Kg2 Nb4 22. a3 Nxc2 23. Rac1 Rac8 24. Be2 Nc4 25. Bxc4 Rxc4 26. Nf3 Ne3+ {-error} 0-1

[Event "African Championship"]
[Site "followchess.com"]
[Date "2021.05.19"]
[Round "1"]
[White "Magana, Ben"]
[Black "Rakotomaharo, Fy Antenaina"]
[Result "0-1"]
[ECO "D05"]
[WhiteElo "2031"]
[BlackElo "2429"]
[PlyCount "80"]
[EventDate "2021.??.??"]
[TimeControl "7200+30"]
[WhiteClock "0:11:00"]
[BlackClock "0:03:08"]

1. d4 d5 2. Nf3 Nf6 3. e3 e6 4. Bd3 c5 5. c3 Nc6 6. Nbd2 Bd6 7. O-O O-O 8. dxc5 Bxc5 9. b4 Bd6 10. e4 Ne5 11. Nxe5 Bxe5 12. Bb2 Qc7 13. g3 Rd8 14. Qe2 Bd7 15. Rfe1 dxe4 16. Nxe4 Bc6 17.
Ng5 h6 18. Nf3 Bd6 19. Nd2 Be5 20. Nf3 Bd6 21. Nd4 Be8 22. a3 a6 23. c4 Rac8 24. Rad1 a5 25. c5 Bf8 26. Nf3 Bc6 27. Be5 Qe7 28. Nd4 axb4 29. axb4 Nd5 30. Qe4 g6 31. b5 Be8 32. Nb3 Bg7 33. Bxg7 Kxg7 34. Bc4 Nc3 35. Rxd8 Rxd8 36. Qe5+ Qf6 37. Qxf6+ Kxf6 38. b6 Bc6 39. Rc1 Na4 40. Bf1 Bd5 0-1

[Event "African Championship"]
[Site "followchess.com"]
[Date "2021.05.19"]
[Round "1"]
[White "Wageih, Kareim"]
[Black "Okonkwo, Ifeanyi"]
[Result "1-0"]
[ECO "B23"]
[WhiteElo "2425"]
[BlackElo "2029"]
[PlyCount "82"]
[EventDate "2021.??.??"]
[TimeControl "7200+30"]

1. e4 c5 2. Nc3 e6 3. g3 Nc6 4. Bg2 g6 5. d3 Bg7 6. Nf3 Nge7 7. Be3 Nd4 8. O-O
O-O 9. Qd2 Nec6 10. Ne1 Re8 11. Nd1 d6 12. c3 Nb5 13. f4 Nc7 14. g4 f5 15. h3
Bd7 16. Nf3 b5 17. Ng5 h6 18. Nf3 Rb8 19. Qf2 fxe4 20. dxe4 Rf8 21. Nh4 g5 22.
Ng6 Rf6 23. f5 Be8 24. e5 dxe5 25. h4 Rxg6 26. fxg6 Nd5 27. hxg5 hxg5 28. Bxd5
exd5 29. Qf5 Qd6 30. Qf2 Qd8 31. Qf5 Qd6 32. Nf2 Ne7 33. Qxg5 Nxg6 34. Nd3 d4
35. cxd4 cxd4 36. Bd2 Bc6 37. Nb4 Bb7 38. Rf2 a5 39. Nd3 Be4 40. Ne1 b4 41. Ng2
Bxg2 1-0

[Event "African Championship"]
[Site "followchess.com"]
[Date "2021.05.19"]
[Round "2"]
[White "Adly, Ahmed"]
[Black "Abdulraheem Abdulrahman Akint"]
[Result "1-0"]
[ECO "D02"]
[WhiteElo "2615"]
[BlackElo "2264"]
[PlyCount "43"]
[EventDate "2021.??.??"]
[TimeControl "7200+30"]
[WhiteClock "0:41:10"]
[BlackClock "1:07:02"]

1. d4 d5 2. Nf3 Nf6 3. g3 Bf5 4. Bg2 e6 5. c4 Be7 6. Nc3 O-O 7. Nh4 Bg4 8. h3 Bh5 9. g4 Bg6 10. g5 Ne8 11. Nxg6 hxg6 12. h4 c6 13.
e4 dxe4 14. c5 b6 15. Nxe4 bxc5 16. h5 cxd4 17. Qg4 Nc7 18. Qh4 Bb4+ 19. Kf1 Qe7 20. Nf6+ gxf6 21. gxf6 Qxf6 22. Qxf6 1-0

[Event "African Championship"]
[Site "followchess.com"]
[Date "2021.05.19"]
[Round "2"]
[White "Bwalya, Gillan"]
[Black "Paiva, Donaldo"]
[Result "1-0"]
[ECO "C95"]
[WhiteElo "2405"]
[BlackElo "2230"]
[PlyCount "65"]
[EventDate "2021.??.??"]
[TimeControl "7200+30"]

1. e4 e5 2. Nf3 Nc6 3. Bb5 a6 4. Ba4 Nf6 5. O-O Be7 6. Re1 b5 7. Bb3 d6 8. c3
O-O 9. h3 Nb8 10. d4 Nbd7 11. Nbd2 Bb7 12. Bc2 Re8 13. Nf1 Bf8 14. Ng3 g6 15.
Bg5 h6 16. Bd2 Bg7 17. Qc1 Kh7 18. dxe5 dxe5 19. Be3 Qe7 20. Qd1 Nc5 21. Nd2
Rad8 22. Qe2 Ne6 23. a4 c6 24. b4 h5 25. Nf3 Nd7 26. Nf5 Qf8 27. Red1 gxf5 28.
exf5 Nf4 29. Bxf4 exf4 30. f6+ Kh8 31. fxg7+ Qxg7 32. Rxd7 Rg8 33. Qe5 1-0

[Event "African Championship"]
[Site "followchess.com"]
[Date "2021.05.19"]
[Round "2"]
[White "Mulenga, Prince Daniel"]
[Black "Amin, Bassem"]
[Result "0-1"]
[ECO "E73"]
[WhiteElo "2246"]
[BlackElo "2701"]
[PlyCount "62"]
[EventDate "2021.??.??"]
[TimeControl "7200+30"]
[WhiteClock "0:09:10"]
[BlackClock "0:08:31"]

1. d4 Nf6 2. c4 g6 3. Nc3 Bg7 4. e4 d6 5. Be2 O-O 6. Bg5 Na6 7. Qd2 e5 8. d5 Qe8 9. h4 Nc5 10. f3 Nh5 11. Nb5 Na6 12. g4 Nf4 13. Bf1 f5 14. gxf5 gxf5 15.
O-O-O fxe4 16. fxe4 Bg4 17. Re1 h6 18. Bxf4 exf4 19. Nh3 f3 20.
Nf2 Bd7 21. Rg1 Kh8 22. Rxg7 Kxg7 23. e5 dxe5 24. Bd3 Qh5 25. Nd4 Nc5 26. Bc2 Rf4 27. Rg1+ Kh8 28. Qb4 b6 29. Ne6 Nxe6 30. dxe6 Bxe6 31. Qe7 Qf7 0-1

[Event "African Championship"]
[Site "followchess.com"]
[Date "2021.05.19"]
[Round "2"]
[White "Oragwu, Chukwunonso"]
[Black "Wageih, Kareim"]
[Result "1-0"]
[ECO "B40"]
[WhiteElo "2241"]
[BlackElo "2425"]
[PlyCount "116"]
[EventDate "2021.??.??"]
[TimeControl "7200+30"]
[WhiteClock "0:01:12"]
[BlackClock "0:05:45"]

1. e4 c5 2. Nf3 e6 3. Be2 Nc6 4. O-O Nf6 5. Nc3 d5 6. exd5 exd5 7. d4 cxd4 8. Nxd4 Be7 9. Bf3 Ne5 10. Re1 Nxf3+ 11. Qxf3 O-O 12. Bg5 h6 13. Bh4 Bg4 14. Qd3 Qd7 15. Re5 g5 16. Bg3 Bd6 17. Ree1 Bxg3 18. Qxg3 Nh5 19. Qe5 Rad8 20. Qe7 Nf4 21. Qf6 Qd6 22. Qxd6 Rxd6 23. Ndb5 Rb6 24. Rab1 a6 25. Nd4 Rb4 26. Nb3 d4 27. Ne4 Kg7 28.
f3 Be6 29. Rbd1 d3 30. c3 Rb6 31. g3 Ng6 32. Nec5 Bxb3 33. axb3 Rc8 34. b4 a5 35. Nxd3 a4 36. Ra1 Rd6 37. Nc5 b5 38. Rad1 Rcd8 39. Rxd6 Rxd6 40. Kf2 Rd2+ 41. Re2 Rd1 42. Na6 Rd7 43. Nc5 Rd1 44. c4 bxc4 45.
Nxa4 f6 46. b5 Rd3 47. Re3 Rd5 48. Nc3 Rd2+ 49. Re2 Rd6 50. Kg2 Kf7 51. Ne4 Rb6 52. Rd2 Ke7 53. Nc3 Ke6 54. Rd4 Ne5 55. f4 Nd7 56. f5+ Kxf5 57.
Rxd7 h5 58. Rd4 g4 1-0

[Event "African Championship"]
[Site "followchess.com"]
[Date "2021.05.19"]
[Round "2"]
[White "Rakotomaharo, Fy Antenaina"]
[Black "Osunfuyi, Abimbola"]
[Result "1-0"]
[ECO "B45"]
[WhiteElo "2429"]
[BlackElo "2246"]
[PlyCount "37"]
[EventDate "2021.??.??"]
[TimeControl "7200+30"]
[WhiteClock "0:42:00"]
[BlackClock "0:49:58"]

1. e4 c5 2. Nf3 Nc6 3. d4 cxd4 4. Nxd4 Nf6 5. Nc3 e6 6.
Nxc6 bxc6 7. e5 Nd5 8. Ne4 Bb7 9. c4 Nb4 10. Bg5 Qa5 11.
Nd6+ Bxd6 12. Qxd6 Nd3+ 13. Kd1 Nxf2+ 14. Ke2 f6 15. exf6 O-O-O 16. Bf4 e5 17. Bxe5 Qxe5+ 18. Qxe5 Rhe8 19. Qxe8 1-0

[Event "African Championship"]
[Site "followchess.com"]
[Date "2021.05.19"]
[Round "2"]
[White "Talbi, Chafik"]
[Black "Bellahcene, Bilel"]
[Result "0-1"]
[ECO "E32"]
[WhiteElo "2244"]
[BlackElo "2508"]
[PlyCount "118"]
[EventDate "2021.??.??"]
[TimeControl "7200+30"]
[WhiteClock "0:37:45"]
[BlackClock "0:00:55"]

1. d4 Nf6 2. c4 e6 3. Nc3 Bb4 4. Qc2 d6 5. a3 Bxc3+ 6. Qxc3 a5 7. g3 a4 8. Bg2 Nc6 9. Bf4 O-O 10. Rd1 Qe7 11. Nf3 Re8 12. h3 h6 13.
Be3 Na5 14. Nd2 Bd7 15. O-O Bc6 16. f3 b5 17. Bf2 Reb8 18.
c5 b4 19. Qc2 d5 20. Rb1 Rb7 21. Rfd1 Nb3 22. axb4 Rxb4 23. Nxb3 Rxb3 24. Be1 Bb5 25. Bc3 Nh5 26. Be1 c6 27. Kh2 Re8 28. f4 Nf6 29. Ra1 Rb8 30. Bc3 Qb7 31. Re1 Ra8 32. Ra3 Bc4 33. Rea1 Qb5 34. Bf3 Ne8 35. Rxb3 Bxb3 36. Qd2 Nc7 37. e3 Bc4 38. Ra3 Bb3 39. Be2 Qb7 40. Ra1 Ne8 41. Bd3 Nf6 42. Qg2 Bc4 43. Bc2 Qb5 44. Qd2 Ne4 45. Bxe4 dxe4 46. Kg2 Be2 47. g4 Bf3+ 48. Kg3 f6 49. Qc2 Kf7 50. Qd2 h5 51. g5 fxg5 52. fxg5 h4+ 53. Kf2 Qb8 54. Rg1 Kg6 55. Ke1 a3 56. bxa3 Rxa3 57. d5 exd5 58. Qb2 Qxb2 59. Bxb2 Rxe3+ 0-1

[Event "African Championship"]
[Site "followchess.com"]
[Date "2021.05.20"]
[Round "3"]
[White "Amin, Bassem"]
[Black "Kawuma, Patrick"]
[Result "1/2-1/2"]
[ECO "B31"]
[WhiteElo "2701"]
[BlackElo "2323"]
[PlyCount "80"]
[EventDate "2021.??.??"]
[TimeControl "7200+30"]
[WhiteClock "0:30:56"]
[BlackClock "0:36:21"]

1. e4 c5 2. Nf3 Nc6 3. Bb5 g6 4. O-O Bg7 5. c3 e5 6. d4 exd4 7. cxd4 cxd4 8. Bf4 a6 9. Ba4 Nge7 10. Bd6 b5 11. Bb3 O-O 12. Nbd2 Bb7 13. Rc1 Rc8 14. e5 h6 15. Ne4 Nxe5 16. Nxe5 Bxe4 17. Nxf7 Rxf7 18. Bxe7 Rxc1 19. Bxd8 Rxd1 20. Bxf7+ Kxf7 21.
Rxd1 Bc2 22. Re1 Bf8 23. Ba5 b4 24. Re2 d3 25. Rd2 Bg7 26.
Bxb4 Bxb2 27. f3 Bc1 28. Kf2 Bxd2 29. Bxd2 h5 30. Ke3 Ke6 31. Kd4 Kd6 32. h3 Bb1 33. a3 Bc2 34. g4 hxg4 35. fxg4 Ke6 36. Ke4 Kd6 37. Kf4 Ke6 38. Kg5 Kf7 39. h4 Bd1 40. Bc3 Be2 1/2-1/2

[Event "African Championship"]
[Site "followchess.com"]
[Date "2021.05.20"]
[Round "3"]
[White "Barrish, Daniel"]
[Black "Adly, Ahmed"]
[Result "0-1"]
[ECO "A57"]
[WhiteElo "2306"]
[BlackElo "2615"]
[PlyCount "122"]
[EventDate "2021.??.??"]
[TimeControl "7200+30"]
[WhiteClock "0:28:03"]
[BlackClock "0:01:50"]

1. d4 Nf6 2. c4 c5 3. d5 b5 4. cxb5 a6 5. e3 axb5 6. Bxb5 Qa5+ 7. Nc3 Bb7 8.
Bd2 Qb6 9. Nf3 Nxd5 10. a4 Nb4 11. O-O g6 12. e4 Bg7 13.
Bg5 Ba6 14. Rc1 N8c6 15. Nd5 Nxd5 16. exd5 Bxb5 17. axb5 Nd4 18. Re1 e6 19. b4 O-O 20. bxc5 Nxf3+ 21. Qxf3 Qxb5 22. Be7 Rfc8 23. dxe6 fxe6 24. Rb1 Qa4 25. Red1 Ra7 26. h3 Qc2 27. Rbc1 Qf5 28. Rd3 Qxf3 29. Rxf3 Bd4 30. Rc2 d5 31. Bd6 Ra1+ 32. Kh2 Ra6 33. Be7 Rc7 34. Bf8 Rac6 35. Re2 Rf7 36. Bd6 Rxf3 37. gxf3 Kf7 38. Rc2 Kf6 39. f4 Kf5 40. Kg3 Ke4 41. Re2+ Kd3 42. Kf3 Bxc5 43. Bxc5 Rxc5 44. Rxe6 d4 45. Re5 Rc7 46. h4 Kc2 47. Re2+ Kc3 48. Re1 Ra7 49. Rc1+ Kd2 50. Rc6 d3 51. h5 gxh5 52. f5 Kd1 53. f6 d2 54. Re6 Rc7 55. Re7 Rc8 56. Ra7 Kc2 57. Ra2+ Kd3 58.
Ra3+ Rc3 59. Ra1 Rc1 60. Ra3+ Kc4 61. Ra4+ Kd5 0-1

[Event "African Championship"]
[Site "followchess.com"]
[Date "2021.05.20"]
[Round "3"]
[White "Bellahcene, Bilel"]
[Black "Beukes, Dante M"]
[Result "1/2-1/2"]
[ECO "E71"]
[WhiteElo "2508"]
[BlackElo "2284"]
[PlyCount "119"]
[EventDate "2021.??.??"]
[TimeControl "7200+30"]
[WhiteClock "0:01:48"]
[BlackClock "0:13:52"]

1. d4 Nf6 2. c4 g6 3. Nc3 Bg7 4. e4 d6 5. h3 O-O 6. Nf3 e5 7. d5 Nh5 8. Nh2 Qe7 9. g3 Na6 10. Be2 f5 11. exf5 Rxf5 12. Ng4 Rf8 13. Be3 Nf4 14. Kf1 Nxe2 15. Qxe2 h5 16. Nh6+ Kh7 17. Qd2 e4 18. Re1 Nc5 19. h4 Nd3 20. Re2 Qe5 21. Kg2 Nxb2 22. Qxb2 Qxc3 23. Qxc3 Bxc3 24. g4 Bg7 25. g5 b6 26. Rhe1 Ba6 27. Rc1 Rae8 28. a4 Bc8 29. a5 Bd7 30. Ra2 Ra8 31. Rb1 Bc3 32. Rb3 Bxa5 33. c5 dxc5 34. Bxc5 Rfe8 35. Bd4 a6 36. Bc3 Bxc3 37. Rxc3 Re7 38. Kg3 Ra7 39. Rac2 Ba4 40. Rd2 Bb5 41. Rd4 Ra8 42. d6 cxd6 43. Rxd6 Rb8 44. Re3 Rbb7 45. Rf6 Bc4 46. Rc3 Rec7 47. Re3 b5 48. Rxe4 b4 49. f4 Bd3 50. Re8 Bb5 51. Ref8 Bd3 52. Rd8 Rd7 53. Ra8 Ra7 54. Rb8 Rab7 55.
Ra8 Ra7 56. Rb8 Rab7 57. Ra8 b3 58. Rff8 Bc4 59. f5 gxf5 60.
Nxf5 1/2-1/2

[Event "African Championship"]
[Site "followchess.com"]
[Date "2021.05.20"]
[Round "3"]
[White "Kayonde, Andrew"]
[Black "Oragwu, Chukwunonso"]
[Result "0-1"]
[ECO "E91"]
[WhiteElo "2399"]
[BlackElo "2241"]
[PlyCount "75"]
[EventDate "2021.??.??"]
[TimeControl "7200+30"]
[WhiteClock "0:03:03"]
[BlackClock "0:00:38"]

1. Nf3 Nf6 2. c4 g6 3. Nc3 Bg7 4. e4 d6 5. d4 O-O 6. Be2 Bg4 7. Be3 Nbd7 8. h3 Bxf3 9. Bxf3 c5 10. d5 a6 11. a4 Qb6 12. Ra3 e6 13. a5 Qc7 14. g4 exd5 15. g5 Ne8 16. exd5 Ne5 17. Be2 Qe7 18. Qd2 f5 19. f4 Nd7 20. h4 Nc7 21. h5 Rfe8 22. Rh3 Rab8 23. Na4 b5 24. axb6 Nxb6 25. Nxc5 dxc5 26. d6 Qd7 27. dxc7 Qxc7 28. hxg6 hxg6 29. Rxa6 Qb7 30. Ra3 Qg2 31. Bf1 Qe4 32. Bg2 Qxc4 33. Kf2 Red8 34. Qc1 Qxc1 35. Bxc1 Nc4 36. Rab3 Nxb2 37. Bd5+ Kf8 38. Be3 0-1

[Event "African Championship"]
[Site "followchess.com"]
[Date "2021.05.20"]
[Round "3"]
[White "Mwali, Chitumbo"]
[Black "Rakotomaharo, Fy Antenaina"]
[Result "0-1"]
[ECO "A09"]
[WhiteElo "2285"]
[BlackElo "2429"]
[PlyCount "62"]
[EventDate "2021.??.??"]
[TimeControl "7200+30"]
[WhiteClock "0:51:36"]
[BlackClock "1:09:09"]

1. Nf3 d5 2. c4 d4 3. g3 Nc6 4. Bg2 e5 5. d3 Bb4+ 6. Nbd2 a5 7. O-O Nf6 8. Ne1 O-O 9. Nc2 Be7 10. a3 Nd7 11. Rb1 Nc5 12. b3 Bg4 13. Qe1 Qd7 14. b4 Na4 15.
Nf3 Nc3 16. Rb2 Bf6 17. b5 Nd8 18. Bd2 e4 19. dxe4 Nxe2+ 20. Qxe2 d3 21. Qe3 Bxb2 22.
Nce1 Bxf3 23. Bxf3 Ne6 24. e5 c6 25. a4 cxb5 26. cxb5 Rad8 27.
Be4 Bxe5 28. Nxd3 Bd4 29. Qf3 b6 30. h4 Kh8 31. Bf4 Kg8 0-1

[Event "African Championship"]
[Site "followchess.com"]
[Date "2021.05.20"]
[Round "3"]
[White "Okeke Issac"]
[Black "Bwalya, Gillan"]
[Result "0-1"]
[ECO "A05"]
[WhiteElo "2097"]
[BlackElo "2405"]
[PlyCount "86"]
[EventDate "2021.??.??"]
[TimeControl "7200+30"]
[WhiteClock "0:34:26"]
[BlackClock "0:31:46"]

1. Nf3 Nf6 2. b3 e6 3. Bb2 b6 4. g3 Bb7 5. Bg2 c5 6. O-O Be7 7. c4 O-O 8. e3 d5 9. cxd5 Nxd5 10. d4 cxd4 11. exd4 Nc6 12. Na3 Rc8 13. Nc4 b5 14. Nce5 Nxe5 15. Nxe5 Nc3 16. Bxc3 Bxg2 17. Kxg2 Rxc3 18. Kg1 Qd5 19. Rc1 Rfc8 20. Rxc3 Rc7 21. Rc5 Rxc5 22. Qg4 Rc3 23. Qh5 g6 24. Qe2 Kg7 25. Qd2 b4 26.
Qf4 Bf6 27. h4 h5 28. Re1 Rc2 29. g4 hxg4 30. h5 gxh5 31. Kh2 Rc3 32. Re3 Rxe3 33. fxe3 Bxe5 34. dxe5 Qd2+ 35. Kh1 Qe1+ 36. Kg2 Qh4 37. Kg1 a5 38. Kg2 f6 39. exf6+ Qxf6 40. Qc7+ Kg6 41. Qc2+ Qf5 42. Qc8 Qf3+ 43. Kh2 Qh3+ 0-1

[Event "African Championship"]
[Site "followchess.com"]
[Date "2021.05.21"]
[Round "4"]
[White "Adly, Ahmed"]
[Black "Bwalya, Gillan"]
[Result "1-0"]
[ECO "A07"]
[WhiteElo "2615"]
[BlackElo "2405"]
[PlyCount "95"]
[EventDate "2021.??.??"]
[TimeControl "7200+30"]
[WhiteClock "0:17:55"]
[BlackClock "0:19:10"]

1. Nf3 d5 2. g3 Nc6 3. d4 Bf5 4. Bg2 h6 5. O-O Nf6 6. c4 e6 7. Ne5 Nxe5 8. dxe5 Ne4 9. f3 Nc5 10. b4 Na6 11. a3 dxc4 12. Be3 c6 13. Nd2 b5 14. f4 Rc8 15. Qc1 Be7 16. Rd1 Qc7 17.
Ne4 Bxe4 18. Bxe4 Nb8 19. Rd6 Bxd6 20. exd6 Qxd6 21. Bc5 Qc7 22. Qc3 f5 23. Bf3 Kf7 24. a4 a6 25. Bd4 Kg6 26. Be5 Qa7+ 27.
Kh1 h5 28. Rg1 Rhg8 29. Bd4 Qe7 30. Bc5 Qf6 31. Bd4 Qe7 32.
Bc5 Qe8 33. Bxh5+ Kxh5 34.
g4+ Kg6 35. gxf5+ Kf7 36. Qg3 g6 37. fxg6+ Kg7 38. Bd4+ Kf8 39. f5 Qd7 40. Bc5+ Ke8 41. f6 Qd5+ 42. Rg2 Qd1+ 43. Bg1 Kd7 44. g7 c5 45. f7 Qd5 46. Bxc5 Qd1+ 47. Rg1 Qd5+ 48. Qf3 1-0

[Event "African Championship"]
[Site "followchess.com"]
[Date "2021.05.21"]
[Round "4"]
[White "Beukes, Dante M"]
[Black "Amin, Bassem"]
[Result "0-1"]
[ECO "C11"]
[WhiteElo "2284"]
[BlackElo "2701"]
[PlyCount "84"]
[EventDate "2021.??.??"]
[TimeControl "7200+30"]
[WhiteClock "0:29:36"]
[BlackClock "0:29:06"]

1. e4 e6 2. d4 d5 3. Nc3 Nf6 4. e5 Nfd7 5. Nce2 c5 6. c3 Nc6 7. Nf3 a5 8. a4 Qb6 9. g3 Be7 10. Bg2 O-O 11. O-O Qa6 12. Re1 b5 13. axb5 Qxb5 14. dxc5 Bxc5 15. b4 Bb6 16. Ned4 Nxd4 17. Nxd4 Qc4 18. Ra3 Bb7 19. bxa5 Rxa5 20. Rb3 Ra1 21. Bf1 Qc7 22. h4 Rfa8 23. Nc2 R1a2 24. Be3 Bxe3 25. Rxe3 Nc5 26. Nd4 Nxb3 27. Qxb3 Ra1 28. Kg2 Rb8 29. Qc2 Ba6 30. Bxa6 Rxa6 31. h5 h6 32. Qe2 Ra1 33. Qg4 Qc4 34. Qe2 Qa4 35. Qc2 Qa8 36. Qe2 Rbb1 37. Qg4 Rg1+ 38. Kf3 Ra2 39. Re2 Ra3 40. Re3 Qa6 41. Qh4 Ra2 42. Ne2 Re1 0-1

[Event "African Championship"]
[Site "followchess.com"]
[Date "2021.05.21"]
[Round "4"]
[White "Kawuma, Patrick"]
[Black "Bellahcene, Bilel"]
[Result "1/2-1/2"]
[ECO "E11"]
[WhiteElo "2323"]
[BlackElo "2508"]
[PlyCount "113"]
[EventDate "2021.??.??"]
[TimeControl "7200+30"]
[WhiteClock "0:08:28"]
[BlackClock "0:05:17"]

1. d4 Nf6 2. Nf3 e6 3. c4 Bb4+ 4. Bd2 Qe7 5. Qc2 Bxd2+ 6.
Nbxd2 d6 7. g3 e5 8. e4 exd4 9. Nxd4 c5 10. Ne2 h5 11. h3 Nc6 12. Bg2 Be6 13. Qc3 O-O-O 14. O-O-O h4 15. f4 Nb4 16. Qa3 Kb8 17. g4 g5 18. Kb1 gxf4 19. Nxf4 Nc6 20. Rhe1 Ne5 21. Qc3 Nfd7 22. Bf1 Nc6 23. Ng2 Qf6 24. Qxf6 Nxf6 25. Ne3 Ne5 26. Be2 Kc7 27. Rf1 Nfd7 28. Kc2 a6 29. Nd5+ Kb8 30. Nf6 Nf8 31. b3 Nfg6 32. Rf2 Nc6 33.
Nf1 Nge5 34. Ne3 Nd4+ 35. Kd2 b5 36. cxb5 axb5 37. Nc2 Nxe2 38. Kxe2 Kc7 39. Nd5+ Kb7 40. Nc3 Kc6 41. Ne3 Ra8 42. Kf1 Ra3 43.
Rfd2 Rb8 44. Rxd6+ Kc7 45. Nf5 b4 46. Nd5+ Kb7 47. Rc1 c4 48.
Nxb4 Ka7 49. Nc6+ Nxc6 50. Rxc6 Rxa2 51. b4 Rb6 52. b5 Rxb5 53. Nd4 Rbb2 54. Nxe6 Rf2+ 55. Kg1 Rg2+ 56. Kh1 Rh2+ 57. Kg1 1/2-1/2

[Event "African Championship"]
[Site "followchess.com"]
[Date "2021.05.21"]
[Round "4"]
[White "Mhango, Banele"]
[Black "Barrish, Daniel"]
[Result "1-0"]
[ECO "D02"]
[WhiteElo "2117"]
[BlackElo "2306"]
[PlyCount "169"]
[EventDate "2021.??.??"]
[TimeControl "7200+30"]
[WhiteClock "0:01:47"]
[BlackClock "0:15:05"]

1. d4 Nf6 2. Nf3 d5 3. c4 e6 4. g3 dxc4 5. Qa4+ Nbd7 6.
Bg2 a6 7. Qxc4 b5 8. Qc2 Bb7 9. O-O c5 10. a4 b4 11. a5 Rc8 12. dxc5 Bxc5 13. Qd3 O-O 14. Nbd2 Qe7 15. Ng5 Ne5 16. Qb1 Bxg2 17. Kxg2 h6 18.
Nge4 Qb7 19. f3 Nd5 20. Nxc5 Ne3+ 21. Kf2 Qa7 22. Ndb3 Nxf1 23. Kxf1 Nc4 24. Ne4 Rfd8 25. Nf2 f5 26. Ra4 Rd5 27. Rxb4 Qe7 28. Rxc4 Rxc4 29. Be3 Qb4 30. Nc1 Qxa5 31. Ncd3 Qb5 32. Kg2 Qb3 33. Qd1 Qxd1 34. Nxd1 Rc2 35. Kf1 Rc8 36. Bd2 Kf7 37. Bc3 g5 38. Ne3 Rb5 39. f4 g4 40. Ne5+ Ke7 41. N5c4 Ra8 42. Nc2 Rc8 43. N2a3 Rb3 44. Ke1 h5 45. Kd2 Rb7 46. Ne5 Kd6 47. Nac4+ Kc5 48. Ne3 Rh7 49. Ng2 Kb5 50. Nd3 a5 51. Nde1 Rd7+ 52. Kc1 a4 53. Nc2 Kc4 54. Na1 a3 55. Kc2 a2 56. Ne3+ Kb5 57. Kb3 Ra8 58. Kc2 Rh7 59. Bf6 Rf8 60. Bg5 Rc7+ 61. Kb3 Rc1 62. Nec2 Rh1 63. Kxa2 Rxh2 64. Kb3 Ra8 65. Nd4+ Kc5 66. Nac2 Kd5 67. Kc3 Ke4 68. Kd2 Rb8 69. b4 Rb7 70. Nxe6 Rd7+ 71. Kc3 Rh7 72. Nc5+ Kd5 73. Ne3+ Kc6 74. Nxf5 Ra7 75. Nd4+ Kb6 76. Bd8+ Rc7 77. Kd2 h4 78. gxh4 g3 79. Nf3 Rh1 80. Ne6 g2 81. Bxc7+ Kc6 82. f5 Rxh4 83. Ke3 Rxb4 84. Kf2 Re4 85. Bf4 1-0

[Event "African Championship"]
[Site "followchess.com"]
[Date "2021.05.21"]
[Round "4"]
[White "Nassr, Ali"]
[Black "Fawzy, Adham"]
[Result "1/2-1/2"]
[ECO "B22"]
[WhiteElo "2232"]
[BlackElo "2473"]
[PlyCount "95"]
[EventDate "2021.??.??"]
[TimeControl "7200+30"]
[WhiteClock "0:33:35"]
[BlackClock "0:29:13"]

1. e4 c5 2. c3 Nf6 3. e5 Nd5 4. Nf3 Nc6 5. d4 cxd4 6. cxd4 d6 7. Bc4 dxe5 8.
dxe5 Ndb4 9. O-O Bf5 10. Qb3 e6 11. a3 Na5 12. Qa4+ Nbc6 13. Ba2 a6 14. Nc3 b5 15. Qf4 b4 16. Ne4 Be7 17. axb4 Nxb4 18. Bd2 Nxa2 19. Rxa2 Nc4 20. Nf6+ Kf8 21. Bc3 Nxe5 22. Nxh7+ Rxh7 23. Nxe5 Qd5 24. Ra5 Qb7 25. Rd1 Kg8 26. Rd7 Rd8 27. Qd2 Rxd7 28. Qxd7 Qxd7 29. Nxd7 Bd3 30. g3 Bb5 31. Nb8 Bd8 32. Ra1 Bb6 33. Nxa6 Rh5 34. b4 Rf5 35. Nc5 Bxc5 36. bxc5 Rxc5 37. Bd4 Rc2 38. Be3 Bd3 39. h4 Be4 40. Rc1 Ra2 41. Kh2 Bf3 42. Rc4 Ra1 43. g4 Be2 44. Rc8+ Kh7 45. Rc7 f6 46. h5 Ra4 47. h6 Rxg4 48.
Rxg7+ 1/2-1/2

[Event "African Championship"]
[Site "followchess.com"]
[Date "2021.05.21"]
[Round "4"]
[White "Rakotomaharo, Fy Antenaina"]
[Black "Oragwu, Chukwunonso"]
[Result "1-0"]
[ECO "A56"]
[WhiteElo "2429"]
[BlackElo "2241"]
[PlyCount "65"]
[EventDate "2021.??.??"]
[TimeControl "7200+30"]
[WhiteClock "0:00:33"]
[BlackClock "0:16:03"]

1. d4 Nf6 2. c4 c5 3. d5 d6 4. Nc3 g6 5. e4 Bg7 6. h3 O-O 7. Nf3 e6 8. Bd3 Na6 9. O-O Nc7 10. Re1 e5 11. Rb1 Nfe8 12. Bg5 f6 13. Bh4 h5 14. a3 Bh6 15. b4 Na6 16. Na4 Bd7 17. b5 Nb8 18. Nxc5 dxc5 19. Nxe5 g5 20. Ng6 gxh4 21. Qxh5 Bg7 22. Nxf8 Kxf8 23. f4 Nd6 24. e5 Be8 25. Qxh4 Nc8 26. Re2 Nd7 27. Rbe1 Qb6 28. e6 f5 29. Bxf5 Nf6 30. e7+ Kg8 31. Be6+ Bf7 32. Qxf6 Qxe6 33. dxe6 1-0